 Dungeon Crawl Stone Soup version 0.21.1-1-g345015f (webtiles) character file.

115770 VLARC the Archer (level 16, 0/92 HPs)
             Began as a Vine Stalker Hunter on Mar 29, 2018.
             Was an Initiate of Gozag.
             Slain by an earth elemental (11 damage)
             ... summoned by a deep elf mage
             ... on level 1 of the Elven Halls on Mar 30, 2018.
             The game lasted 01:45:51 (29506 turns).

VLARC the Archer (Vine Stalker Hunter)             Turns: 29506, Time: 01:45:52

Health: 0/92       AC: 21    Str: 17    XL:     16   Next: 69%
Magic:  0/44       EV: 11    Int: 13    God:    Gozag
Gold:   408        SH:  0    Dex: 18    Spells: 15/15 levels left

rFire    + + +     SeeInvis +   b - +5 morningstar of the Three Cities {crush, MR+++ MP+9 Str-5 SInv}
rCold    + . .     Gourm    .   (no shield)
rNeg     . . .     Faith    .   X - +6 chain mail "Dyugg" {Dex+3 Stlth+}
rPois    .         Spirit   +   j - +2 helmet "Pustrousch" {rElec Int+2 Stlth-}
rElec    +         Reflect  .   c - scarf {rC+ rF+}
rCorr    .         Harm     .   O - +0 pair of gloves of Lugonu's Condemnation {+Inv rElec}
MR       +++++                  r - +2 pair of boots of the Assassin {Detection Stab+ Stlth++}
Stlth    +.........             (no amulet)
HPRegen  1.05/turn              e - ring of magical power
MPRegen  0.29/turn              W - ring "Xiokk" {rF++ EV+5}

@: gold aura, extremely drained
A: fangs 3, regeneration 2, magic shield, antimagic bite, no potion heal 3, rot
immunity
a: Potion Petition, Call Merchant, Bribe Branch, Renounce Religion, Evoke
Invisibility


You were on level 1 of the Elven Halls.
You worshipped Gozag.
Gozag was aware of your devotion.
You were hungry.

You visited 5 branches of the dungeon, and saw 25 of its levels.
You also visited: Labyrinth, Ossuary and Ice Cave.

You collected 9251 gold pieces.
You spent 946 gold pieces at shops.
You paid 7897 gold pieces to Gozag.

Inventory:

Hand Weapons
 a - a +1 longbow of flaming
 b - the +5 morningstar of the Three Cities (weapon) {crush, MR+++ MP+9 Str-5 SInv}
   (You found it in an ice cave)

   It inflicts extra damage upon your enemies.
   It affects your strength (-5).
   It affects your resistance to hostile enchantments.
   It affects your magic capacity (+9).
   It lets you see invisible.
 P - a +2 lajatang of speed
Missiles
 d - 426 arrows
 w - 2 throwing nets (quivered)
Armour
 c - a scarf of resistance (worn)
 j - the +2 helmet "Pustrousch" (worn) {rElec Int+2 Stlth-}
   (You bought it in a shop on level 6 of the Dungeon)

   It affects your intelligence (+2).
   It insulates you from electricity.
   It makes you less stealthy.
 r - the +2 pair of boots of the Assassin (worn) {Detection Stab+ Stlth++}
   (You found it on level 9 of the Dungeon)

   It makes you much more stealthy.
 O - the +0 pair of gloves of Lugonu's Condemnation (worn) {+Inv rElec}
   (You found it in an ice cave)

   It insulates you from electricity.
   It lets you turn invisible.
 X - the +6 chain mail "Dyugg" (worn) {Dex+3 Stlth+}
   (You bought it in a shop on level 3 of the Lair of Beasts)

   It affects your dexterity (+3).
   It makes you more stealthy.
 Y - a +2 helmet of see invisible
Jewellery
 e - a ring of magical power (left hand)
 J - an uncursed ring of stealth
 Q - an uncursed ring of poison resistance
 S - an uncursed ring of ice
 U - an uncursed ring of positive energy
 V - an uncursed ring of protection from cold
 W - the ring "Xiokk" (right hand) {rF++ EV+5}
   (You found it on level 6 of the Lair of Beasts)

   [ring of evasion]

   It affects your evasion (+5).
   It greatly protects you from fire.
Wands
 o - a wand of enslavement (6)
 A - a wand of digging (37)
 B - a wand of polymorph (57)
 F - a wand of iceblast (38)
 G - a wand of flame (31)
 H - a wand of paralysis (27)
 L - a wand of disintegration (31)
 T - a wand of acid (27)
 Z - a wand of clouds (6)
Scrolls
 k - 7 scrolls of amnesia
 m - 5 scrolls of enchant weapon
 p - 9 scrolls of remove curse
 s - 2 scrolls of enchant armour
 v - 3 scrolls of blinking
 y - 4 scrolls of teleportation
 C - 2 scrolls of fog
 D - 2 scrolls of magic mapping
 E - a scroll of fear
 M - 8 scrolls of identify
Potions
 g - 12 potions of curing
 h - a potion of mutation
 i - a potion of ambrosia
 l - 3 potions of haste
 n - 2 potions of might
 q - 3 potions of brilliance
 t - 2 potions of cancellation
 x - 5 potions of lignification
 z - 4 potions of flight
 I - 2 potions of magic
 K - a potion of resistance
Miscellaneous
 u - 2 sacks of spiders
 N - a box of beasts
Comestibles
 f - 10 rations


   Skills:
 - Level 13.7(0.0) Fighting
 - Level 7.8(0.0) Maces & Flails
 + Level 14.1(0.0) Bows
 - Level 8.0(0.0) Armour
 - Level 1.5(0.0) Dodging
 - Level 10.0(0.0) Stealth
 + Level 13.1(0.0) Evocations


You had 15 spell levels left.
You didn't know any spells.

Dungeon Overview and Level Annotations

Branches:
Dungeon (15/15)            Temple (0/1) D:7            Lair (6/6) D:11
 Shoals (0/4) Lair:4       Spider (1/4) Lair:2        Slime (0/5) Lair:5
    Orc (2/2) D:10            Elf (1/3) Orc:2        Vaults (0/5) D:13
 Depths (0/5) D:15

Altars:
Ashenzari
Dithmenos
Fedhas
Gozag
Kikubaaqudgha
Makhleb
Nemelex Xobeh
Ru
Sif Muna
Vehumet
Wu Jian
Zin
Beogh
Jiyva

Shops:
D:6 :*[!:   D:8 (   D:9 ?   D:15 [(   Orc:2 (?:(   Lair:3 [


Innate Abilities, Weirdness & Mutations

You have razor-sharp teeth.
You heal very quickly.
When hurt, damage is shared between your health and your magic reserves.
Your bite disrupts and absorbs the magic of your enemies.
Potions cannot restore your health.
You are immune to rotting.


Message History

The earth elemental hits you but does no damage.
The earth elemental completely misses you.
You closely miss the deep elf mage. Your bite misses the deep elf mage.
The deep elf mage is lightly wounded.
The deep elf mage misses you. The hellwing barely misses you.
The hellwing hits you but does no damage.
The earth elemental hits you!
* * * LOW HITPOINT WARNING * * *
The deep elf mage hits you but does no damage.
The earth elemental closely misses you. The earth elemental hits you!
* * * LOW HITPOINT WARNING * * *
The hellwing completely misses you.
The hellwing hits you but does no damage.
You closely miss the deep elf mage. You bite the deep elf mage.
The deep elf mage's magic leaks into the air.
You drain its magic.
You feel invigorated.
The deep elf mage is lightly wounded.
The earth elemental hits you!!
You die...
Your body crumbles into a pile of gold.

.....$.........
......(..........
...........#...
....... ......((
........ ..
......e## #..
......EE### ##..
#.e@$.# ...
#.E.4.###.#
#......#..#
##.......#
#......##
##......## ######
##....#..# .....#
#.)..###.# ###..#
#....# #... # .


You could see 3 earth elementals, a hellwing and 2 deep elf magi.

Vanquished Creatures
  Frances (D:13)
  Agnes (D:15)
  A deep elf elementalist (Elf:1)
  The ghost of Ferkelamun the Blocker, a journeyman GnFi of Makhleb (D:13)
  A stone giant (Orc:1)
  Nessos (Lair:5)
  A deep elf annihilator (Elf:1)
  Snorg (Lair:4)
  A minotaur (Lab)
  Josephine (D:13)
  A yaktaur captain (D:15)
  6 hydras
  Harold (Lair:2)
  An ice dragon (Lair:6)
  6 centaur warriors
  2 death knights
  10 two-headed ogres
  4 ogre magi
  3 orc high priests
  The ghost of Kairos the Cleaver, a novice HuFi of Okawaru (D:8)
  Urug (D:14)
  Nergalle (Orc:2)
  A deep elf knight (Elf:1)
  4 skeletal warriors
  2 deep elf archers (Elf:1)
  2 unseen horrors
  2 phantasmal warriors (D:14)
  A lindwurm (Lair:6)
  2 orc knights
  19 deep elf magi
  2 wolf spiders
  3 ugly things
  3 cyclopes
  9 orc sorcerers
  An oklob plant (Lair:3)
  2 manticores
  4 elephants (Lair:6)
  A guardian serpent (Lair:6)
  3 ice statues (IceCv)
  Joseph (D:10)
  Maurice (D:13)
  3 gargoyles
  12 spiny frogs
  5 torpor snails (Lair:6)
  11 black mambas
  A rime drake (Lair:4)
  A kobold demonologist (D:8)
  2 tengu conjurers (D:13)
  2 ice devils (Lair:2)
  4 yaktaurs
  5 komodo dragons
  A freezing wraith (D:15)
  A polar bear (shapeshifter) (D:15)
  7 trolls
  9 hornets (Lair:6)
  7 blink frogs
  4 tyrant leeches (Lair:6)
  7 slime creatures
  11 dream sheep
  5 hippogriffs
  An air elemental (Elf:1)
  A vampire (D:15)
  12 redbacks
  A spriggan (D:11)
  A shadow (D:15)
  7 wraiths
  2 hungry ghosts
  22 yaks
  A fire elemental (Elf:1)
  A human (D:11)
  11 wyverns
  The ghost of Pad the Skirmisher, an amateur DsGl (D:3)
  2 basilisks
  14 vampire mosquitoes
  8 wargs
  A naga (D:10)
  2 acid dragons
  5 porcupines
  20 water moccasins
  2 necrophages
  14 ice beasts
  7 sky beasts
  16 ogres
  A swamp drake (Lair:4)
  A black bear (D:7)
  27 orc warriors
  3 phantoms
  11 centaurs
  14 wolves
  10 crocodiles
  7 big kobolds
  16 bullfrogs
  3 water moccasin zombies (Ossuary)
  7 scorpions
  A wyvern skeleton (D:7)
  5 killer bees
  An electric eel (Lair:1)
  A howler monkey (D:12)
  7 wights
  A bullfrog zombie (D:13)
  9 crimson imps
  3 centaur zombies
  6 centaur skeletons
  16 orc priests
  5 jellies
  40 orc wizards
  2 bullfrog skeletons
  A gnoll shaman (Orc:1)
  5 hounds
  4 iguanas (D:10)
  6 worker ants
  A killer bee zombie (D:5)
  3 big kobold zombies (Ossuary)
  A hound zombie (D:10)
  2 mummies (Ossuary)
  A worker ant zombie (D:10)
  7 gnolls (Orc:1)
  13 adders
  9 shadow imps
  6 oozes
  4 adder zombies
  An adder skeleton (D:8)
  2 worms (D:3)
  2 dart slugs
  7 leopard geckos
  72 orcs
  7 bats
  5 giant cockroaches
  2 gnoll zombies (Ossuary)
  5 goblins
  6 hobgoblins
  9 jackals
  4 quokkas
  A ball python (D:2)
  6 frilled lizards
  4 hobgoblin zombies (Ossuary)
  24 kobolds
  5 kobold zombies (Ossuary)
  3 orc zombies (Ossuary)
  A quokka skeleton (D:4)
  9 rats
  2 fungi (Lair:6)
  5 plants
802 creatures vanquished.

Vanquished Creatures (others)
  5 dancing weapons (Elf:1)
  A water elemental (Elf:1)
  An ogre (D:13)
  2 orc wizards
  An orc (Orc:2)
  17 fungi (Lair:6)
  47 plants
74 creatures vanquished.

Grand Total: 876 creatures vanquished

Notes
Turn   | Place    | Note
-------+----------+-------------------------------------------
     0 | D:1      | VLARC the Vine Stalker Hunter began the quest for the Orb.
     0 | D:1      | Reached XP level 1. HP: 11/11 MP: 2/2
   122 | D:1      | Reached XP level 2. HP: 15/15 MP: 3/3
   183 | D:1      | Reached skill level 4 in Bows
   313 | D:1      | Reached XP level 3. HP: 19/19 MP: 4/4
   792 | D:2      | Gained mutation: Your natural rate of healing is unusually fast. [Vine Stalker growth]
   792 | D:2      | Reached XP level 4. HP: 23/23 MP: 5/5
   985 | D:2      | Found an opulent altar of Gozag.
   987 | D:2      | Found an ornate altar of the Wu Jian Council.
  1016 | D:2      | Became a worshipper of Gozag Ym Sagoz the Greedy
  1052 | D:2      | Found an ancient bone altar of Kikubaaqudgha.
  1408 | D:3      | Found a faded altar of an unknown god.
  1430 | D:3      | Noticed Pad's ghost (amateur DsGl)
  1581 | D:3      | Reached XP level 5. HP: 23/28 MP: 4/6
  1844 | D:4      | Noticed a phantom
  1857 | D:4      | Killed a phantom
  1857 | D:4      | Reached skill level 5 in Bows
  2020 | D:4      | Reached XP level 6. HP: 14/33 MP: 7/7
  2557 | D:4      | Found a shattered altar of Ashenzari.
  2700 | D:4      | Reached XP level 7. HP: 30/38 MP: 8/8
  2879 | D:4      | Reached skill level 5 in Fighting
  2879 | D:4      | Reached skill level 6 in Bows
  3001 | D:5      | Entered Level 5 of the Dungeon
  3102 | D:5      | Noticed a hungry ghost
  3141 | D:5      | Found a sand-covered staircase.
  3152 | Ossuary  | Entered an ossuary
  3495 | D:5      | Killed a hungry ghost
  3495 | D:5      | Gained mutation: You have razor-sharp teeth. [Vine Stalker growth]
  3495 | D:5      | Reached XP level 8. HP: 32/44 MP: 9/9
  3499 | D:5      | Reached skill level 7 in Bows
  3765 | D:5      | Found a sparkling altar of Nemelex Xobeh.
  3950 | D:6      | Found Fariz's Book Shop.
  3960 | D:6      | Found a glowing silver altar of Zin.
  4103 | D:6      | Found Runum's Distillery.
  4185 | D:6      | Reached skill level 8 in Bows
  4307 | D:6      | Reached XP level 9. HP: 50/50 MP: 10/10
  4312 | D:6      | Found Dunutid's Assorted Antiques.
  4332 | D:6      | Bought a scroll labeled QOYGOFF XELOA for 34 gold pieces
  4332 | D:6      | Bought a scroll labeled YTOPHE QYGH for 34 gold pieces
  4389 | D:6      | Found Heetitt's Antique Armour Emporium.
  4397 | D:6      | Bought an ichor-stained helmet for 275 gold pieces
  4402 | D:6      | Identified the +2 helmet "Pustrousch" {rElec Int+2 Stlth-} (You bought it in a shop on level 6 of the Dungeon)
  4456 | D:6      | Found Soniunka's Book Boutique.
  4973 | D:7      | Found a staircase to the Ecumenical Temple.
  4995 | D:7      | Found an ornate altar of the Wu Jian Council.
  5030 | D:7      | Noticed a two-headed ogre
  5129 | D:7      | Killed a two-headed ogre
  5129 | D:7      | Reached skill level 9 in Bows
  5726 | D:8      | Found a transporter.
  5730 | D:8      | Noticed an orc sorcerer
  5736 | D:8      | Noticed a kobold demonologist
  5762 | D:8      | Found a transporter.
  5763 | D:8      | Noticed Kairos's ghost (novice HuFi)
  5776 | D:8      | Killed Kairos's ghost
  5776 | D:8      | Reached XP level 10. HP: 49/58 MP: 11/11
  5858 | D:8      | Reached skill level 10 in Bows
  6770 | D:3      | Killed Pad's ghost
  6895 | D:3      | Found a blossoming altar of Fedhas.
  6895 | D:3      | Found a shadowy altar of Dithmenos.
  7198 | D:9      | Found Leh Ela's Magic Scroll Shoppe.
  7242 | D:9      | Found the +2 pair of boots of the Assassin {Detection Stab+ Stlth++}
  7346 | D:9      | Reached skill level 10 in Fighting
  7805 | D:10     | Entered Level 10 of the Dungeon
  7972 | D:10     | Noticed a two-headed ogre
  8010 | D:9      | Reached skill level 11 in Bows
  8120 | D:10     | Reached XP level 11. HP: 54/64 MP: 12/12
  8254 | D:10     | Noticed a two-headed ogre
  8257 | D:10     | Noticed Sonja
  8261 | D:10     | Noticed a two-headed ogre
  8507 | D:9      | Killed a two-headed ogre
  8806 | D:10     | Noticed Sonja
  8806 | D:10     | Sonja changed into Sonja the naga
  8810 | D:10     | Killed Sonja the naga
  8828 | D:10     | Noticed a six-headed hydra
  8839 | D:10     | Killed an unseen horror
  8862 | D:10     | Killed a six-headed hydra
  9153 | D:10     | Noticed Joseph
  9161 | D:10     | Killed Joseph
  9374 | D:10     | Killed a two-headed ogre
  9374 | D:10     | Reached skill level 12 in Bows
  9384 | D:10     | Found a staircase to the Orcish Mines.
  9529 | D:10     | Killed a two-headed ogre
  9729 | D:11     | Noticed a two-headed ogre
  9748 | D:11     | Killed a two-headed ogre
  9809 | D:11     | Noticed a deep elf mage
  9821 | D:11     | Killed a deep elf mage
  9821 | D:11     | Gained mutation: You heal very quickly. [Vine Stalker growth]
  9821 | D:11     | Reached XP level 12. HP: 63/71 MP: 13/13
 10372 | D:11     | Reached skill level 5 in Stealth
 10666 | D:11     | Noticed an eight-headed hydra
 10675 | D:11     | Killed an eight-headed hydra
 10999 | D:11     | Found a staircase to the Lair.
 11386 | Lair:1   | Entered Level 1 of the Lair of Beasts
 11598 | Lair:1   | Reached skill level 1 in Armour
 12485 | Lair:2   | Identified a scroll of acquirement
 12543 | Lair:2   | Found a frozen archway.
 12616 | IceCv    | Entered an ice cave
 13029 | IceCv    | Reached XP level 13. HP: 77/77 MP: 14/14
 13085 | IceCv    | Got a pair of jewelled gloves
 13097 | IceCv    | Got a jewelled morningstar
 13102 | IceCv    | Identified the +0 pair of gloves of Lugonu's Condemnation {+Inv rElec} (You found it in an ice cave)
 13113 | IceCv    | Identified the +5 morningstar of the Three Cities {crush, MR+++ MP+9 Str-5 SInv} (You found it in an ice cave)
 13293 | Lair:2   | Reached skill level 1 in Evocations
 13461 | Lair:2   | Reached skill level 10 in Stealth
 13674 | Lair:2   | Found a hole to the Spider Nest.
 14302 | Lair:3   | Noticed Harold
 14584 | Lair:2   | Killed Harold
 15198 | Lair:3   | Bought a slimy ring mail for 270 gold pieces
 15208 | Lair:3   | Identified the cursed +1 ring mail of Benevolence {Dex+5} (You bought it in a shop on level 3 of the Lair of Beasts)
 15208 | Lair:3   | Bought an ancient chain mail for 285 gold pieces
 15219 | Lair:3   | Identified the +6 chain mail "Dyugg" {Dex+3 Stlth+} (You bought it in a shop on level 3 of the Lair of Beasts)
 15485 | Lair:4   | Reached skill level 5 in Armour
 15701 | Lair:4   | Found a staircase to the Shoals.
 16009 | Lair:4   | Reached skill level 5 in Evocations
 16210 | Lair:5   | Noticed Snorg
 16227 | Lair:4   | Killed Snorg
 16435 | Lair:5   | Noticed Nessos
 16464 | Lair:5   | Killed Nessos
 16564 | Lair:5   | Reached XP level 14. HP: 83/83 MP: 19/19
 16642 | Lair:5   | Found a viscous altar of Jiyva.
 16643 | Lair:5   | Found a staircase to the Slime Pits.
 17166 | Lair:6   | Entered Level 6 of the Lair of Beasts
 17526 | Lair:6   | Got a brightly glowing granite ring
 17550 | Lair:6   | Identified the ring "Xiokk" {rF++ EV+5} (You found it on level 6 of the Lair of Beasts)
 18161 | Lair:6   | Found a runed door.
 18732 | Lair:6   | Reached skill level 1 in Maces & Flails
 18741 | Lair:6   | Paralysed by a hornet for 2 turns
 20583 | D:12     | Found a deep blue altar of Sif Muna.
 21086 | D:13     | Noticed Ferkelamun's ghost (journeyman GnFi)
 21107 | D:13     | Killed Ferkelamun's ghost
 21107 | D:13     | Reached skill level 5 in Maces & Flails
 21156 | D:13     | Noticed Josephine
 21165 | D:13     | Killed Josephine
 21406 | D:13     | Reached XP level 15. HP: 87/87 MP: 23/23
 21472 | D:13     | Found a shattered altar of Ashenzari.
 21603 | D:13     | Noticed Maurice
 21667 | D:13     | Killed Maurice
 21765 | D:13     | Found a gate to the Vaults.
 21934 | D:13     | Reached skill level 10 in Evocations
 22055 | D:13     | Noticed Frances
 22335 | Orc:1    | Entered Level 1 of the Orcish Mines
 23574 | Orc:2    | Entered Level 2 of the Orcish Mines
 23602 | Orc:2    | Found a staircase to the Elven Halls.
 23731 | Orc:2    | Found a burning altar of Makhleb.
 23783 | Orc:2    | Found Qall's Antique Weapon Shoppe.
 23893 | Orc:2    | Found a radiant altar of Vehumet.
 23919 | Orc:2    | Found Koyr's Book Emporium.
 23929 | Orc:2    | Noticed Nergalle
 24087 | Orc:2    | Found a roughly hewn altar of Beogh.
 24181 | Orc:2    | Found an ancient bone altar of Kikubaaqudgha.
 24212 | Orc:2    | Killed Nergalle
 24360 | Orc:2    | Found a roughly hewn altar of Beogh.
 24360 | Orc:2    | Found Fatai's Magic Scroll Emporium.
 24388 | Orc:2    | Found Bopy Faapn's Antique Weapon Shoppe.
 24558 | Orc:2    | Bought a scroll of teleportation for 48 gold pieces
 25039 | Spider:1 | Entered Level 1 of the Spider Nest
 25367 | D:14     | Found a labyrinth entrance.
 25381 | Lab      | Entered a labyrinth
 26200 | D:14     | Noticed Urug
 26213 | D:14     | Killed Urug
 26551 | D:15     | Entered Level 15 of the Dungeon
 26578 | D:15     | Reached skill level 13 in Bows
 26684 | D:15     | Reached XP level 16. HP: 85/92 MP: 25/25
 26885 | D:15     | Noticed Agnes
 26904 | D:15     | Killed Agnes
 27118 | D:15     | Found a sacrificial altar of Ru.
 27852 | D:15     | Found a staircase to the Depths.
 28103 | D:13     | Killed Frances
 28137 | D:13     | Got a bloodstained flail {elec}
 28138 | D:13     | Identified the +8 flail "Jiptuh" {elec, +Fly Int+3} (You took it off Frances on level 13 of the Dungeon)
 28375 | Elf:1    | Entered Level 1 of the Elven Halls
 29102 | Elf:1    | Reached skill level 14 in Bows
 29506 | Elf:1    | Slain by an earth elemental

Skill      XL: |  1  2  3  4  5  6  7  8  9 10 11 12 13 14 15 16 |
---------------+-------------------------------------------------+-----
Fighting       | 2 3 4 6 7 9 10 12 13 | 13.7
Bows           | 4 5 6 8 9 11 12 13 14 | 14.1
Stealth        | 4 9 10 | 10.0
Armour         | 3 6 8 |  8.0
Evocations     | 6 9 11 13 | 13.1
Maces & Flails | 5 7 |  7.8
Dodging        | |  1.5

Action                   |  1- 3 |  4- 6 |  7- 9 | 10-12 | 13-15 | 16-18 || total
-------------------------+-------+-------+-------+-------+-------+-------++-------
Melee: Whip              |     4 |    54 |   133 |   469 |       |       ||   660
       Bite              |       |    14 |    43 |   170 |   244 |   111 ||   582
       Morningstar       |       |       |       |       |   733 |   300 ||  1033
       Lajatang          |       |       |       |       |       |     6 ||     6
 Fire: Shortbow          |    51 |   115 |   225 |   537 |   252 |       ||  1180
       Longbow           |       |       |       |       |   718 |   150 ||   868
Invok: Potion Petition   |       |       |       |     1 |     4 |     4 ||     9
       Call Merchant     |       |       |       |       |     2 |     2 ||     4
 Abil: Evoke Invisibilit |       |       |       |       |    18 |     1 ||    19
Evoke: Wand              |       |       |       |     1 |    15 |     1 ||    17
       Box of beasts     |       |       |       |       |       |     1 ||     1
  Use: Scroll            |       |    13 |     6 |     6 |    17 |     5 ||    47
       Potion            |       |       |     3 |     1 |     2 |       ||     6
 Stab: Sleeping          |       |       |     1 |     4 |     6 |       ||    11
       Distracted        |       |       |       |     7 |     3 |     2 ||    12
       Invisible         |       |       |       |       |    19 |       ||    19
       Paralysed         |       |       |       |       |     3 |       ||     3
  Eat: Ration            |       |     1 |     6 |     6 |    15 |     3 ||    31
Armor: Leather armour    |     2 |    18 |    72 |   261 |   102 |       ||   455
       Chain mail        |       |       |       |       |   714 |   310 ||  1024
Dodge: Dodged            |     4 |    38 |   131 |   301 |   946 |   274 ||  1694
